 Dungeon Crawl Stone Soup version 0.29-a0-520-gc852659d43 (webtiles) character file.

Game seed: 13105766057342386861

92 DocClef the Covert (level 4, 0/41 HPs)
             Began as a Gnoll Delver on May 31, 2022.
             Slain by an orc wizard
             ... wielding a +0 dagger
              (1 damage)
             ... on level 5 of the Dungeon.
             The game lasted 00:00:12 (40 turns).

DocClef the Covert (Gnoll Delver)                     Turns: 40, Time: 00:00:12

Health: 0/41       AC:  3    Str: 13    XL:     4   Next: 60%
Magic:  3/5        EV: 13    Int: 10    God:
Gold:   0          SH:  0    Dex: 13    Spells: 5/5 levels left

rFire   . . .      SeeInvis .   a - +0 short sword
rCold   . . .      Faith    .   (no shield)
rNeg    . . .      Spirit   .   b - +0 leather armour
rPois   .          Reflect  .   (no helmet)
rElec   .          Harm     .   (no cloak)
rCorr   .          Rampage  .   (no gloves)
Will    .....                   (no boots)
Stlth   ++++......              (no amulet)
HPRegen 0.13/turn               (no ring)
MPRegen 0.09/turn               (no ring)

@: no status effects
A: fangs 1, strong nose, distributed training
a: no special abilities


You were on level 5 of the Dungeon.
You visited 1 branch of the dungeon, and saw 1 of its levels.

Inventory:

Hand Weapons
 a - a +0 short sword (weapon)
Armour
 b - a +0 leather armour (worn)
Wands
 g - a wand of digging (3)
Scrolls
 c - a scroll of fog
 d - a scroll of magic mapping
 e - a scroll of fear
Potions
 f - a potion of haste


   Skills:
 + Level 6.6 Fighting
 + Level 4.6 Short Blades
 + Level 1.2 Long Blades
 + Level 1.2 Axes
 + Level 1.2 Maces & Flails
 + Level 1.2 Polearms
 + Level 1.2 Staves
 + Level 1.2 Slings
 + Level 1.2 Bows
 + Level 1.2 Crossbows
 + Level 1.2 Throwing
 + Level 1.2 Armour
 + Level 4.6 Dodging
 + Level 9.6 Stealth
 + Level 1.2 Shields
 + Level 1.2 Unarmed Combat
 + Level 1.2 Spellcasting
 + Level 1.0 Conjurations
 + Level 1.0 Hexes
 + Level 1.0 Summonings
 + Level 1.0 Necromancy
 + Level 1.0 Translocations
 + Level 1.0 Transmutations
 + Level 1.0 Fire Magic
 + Level 1.0 Ice Magic
 + Level 1.0 Air Magic
 + Level 1.0 Earth Magic
 + Level 1.0 Poison Magic
 + Level 1.3 Invocations
 + Level 1.2 Evocations


You had 5 spell levels left.
You didn't know any spells.
Your spell library was empty.

Dungeon Overview and Level Annotations

Branches:
Dungeon (5/15)
 Temple: D:4-7

Altars:


Innate Abilities, Weirdness & Mutations

You have very sharp teeth.
Your uncanny sense of smell can sniff out nearby items.
Your experience applies equally to all skills.


Message History

The orc shouts!
You hit the orc but do no damage. The orc hits you but does no damage.
You hit the orc.
The orc is lightly wounded.
The orc closely misses you.
You barely miss the orc. Your bite misses the orc.
The orc is lightly wounded.
The orc hits you but does no damage.
You hit the orc.
The orc is heavily wounded.
The orc hits you with a +0 falchion.
You hit the orc.
You kill the orc!
The orc throws a boomerang.
The boomerang hits you.
You barely miss something. Something hits you.
You closely miss something. The orc barely misses you. Something hits you.
You puncture something! You closely miss something. The orc barely misses you.
Something hits you.
You closely miss something.
The orc hits you from afar with a +0 trident.
Something barely misses you.
You hit something. The orc barely misses you. Something hits you.
You barely miss something. The orc hits you but does no damage.
You hear some strange, mumbled words.
Something tries to affect you, but you resist.
You hit something. You punch something. The orc barely misses you.
Something hits you.
You miss something.
The orc hits you from afar with a +0 trident!
* * * LOW HITPOINT WARNING * * *
Something hits you.
* * * LOW HITPOINT WARNING * * *
You closely miss something. Your punch misses something.
The orc hits you from afar with a +0 trident.
* * * LOW HITPOINT WARNING * * *
Something hits you but does no damage.
You hit something. Your bite misses something. You miss something.
The orc closely misses you. Something barely misses you.
You completely miss something. The orc closely misses you. Something hits you.
You die...

.#####...............
.......#............. .
....................# ..
.....................
..............#.......##
#............#.......+
#.......#....#o..#...#
#....####o........###
#.....@{oo..##.#..#
#....######## .# # #.##
.# .# .# .# .#


You could see 3 orcs.

Vanquished Creatures
  An ice beast (D:5)
  An orc (D:5)
2 creatures vanquished.

Notes
Turn   | Place    | Note
-------+----------+-------------------------------------------
     0 | D:5      | Reached skill level 9 in Stealth
     0 | D:5      | DocClef the Gnoll Delver began the quest for the Orb.
     0 | D:5      | Reached XP level 1. HP: 23/23 MP: 1/1
     2 | D:5      | Noticed an ice beast
     5 | D:5      | Noticed an orc wizard
     9 | D:5      | Killed an ice beast
    10 | D:5      | Reached skill level 1 in Long Blades
    10 | D:5      | Reached skill level 1 in Axes
    10 | D:5      | Reached skill level 1 in Maces & Flails
    10 | D:5      | Reached skill level 1 in Polearms
    10 | D:5      | Reached skill level 1 in Staves
    10 | D:5      | Reached skill level 1 in Slings
    10 | D:5      | Reached skill level 1 in Bows
    10 | D:5      | Reached skill level 1 in Crossbows
    10 | D:5      | Reached skill level 1 in Throwing
    10 | D:5      | Reached skill level 1 in Armour
    10 | D:5      | Reached skill level 1 in Shields
    10 | D:5      | Reached skill level 1 in Unarmed Combat
    10 | D:5      | Reached skill level 1 in Spellcasting
    10 | D:5      | Reached skill level 1 in Conjurations
    10 | D:5      | Reached skill level 1 in Hexes
    10 | D:5      | Reached skill level 1 in Summonings
    10 | D:5      | Reached skill level 1 in Necromancy
    10 | D:5      | Reached skill level 1 in Translocations
    10 | D:5      | Reached skill level 1 in Transmutations
    10 | D:5      | Reached skill level 1 in Fire Magic
    10 | D:5      | Reached skill level 1 in Ice Magic
    10 | D:5      | Reached skill level 1 in Air Magic
    10 | D:5      | Reached skill level 1 in Earth Magic
    10 | D:5      | Reached skill level 1 in Poison Magic
    10 | D:5      | Reached skill level 1 in Invocations
    10 | D:5      | Reached skill level 1 in Evocations
    10 | D:5      | Reached XP level 2. HP: 29/29 MP: 1/3
    10 | D:5      | Reached XP level 3. HP: 35/35 MP: 1/4
    10 | D:5      | Reached XP level 4. HP: 41/41 MP: 1/5
    37 | D:5      | HP: 1/41 [orc/+0 trident (3)]
    40 | D:5      | Slain by an orc wizard

Illustrated notes

Levels and vault maps discovered:
D:5:      layout_basic, minmay_temple_entry_mist, uniq_pikel, uniq_menkaure

Skill      XL: |  1 |
---------------+----+-----
Stealth        | |  9.6
Long Blades    | 1 |  1.2
Axes           | 1 |  1.2
Maces & Flails | 1 |  1.2
Polearms       | 1 |  1.2
Staves         | 1 |  1.2
Slings         | 1 |  1.2
Bows           | 1 |  1.2
Crossbows      | 1 |  1.2
Throwing       | 1 |  1.2
Armour         | 1 |  1.2
Shields        | 1 |  1.2
Unarmed Combat | 1 |  1.2
Spellcasting   | 1 |  1.2
Conjurations   | 1 |  1.0
Hexes          | 1 |  1.0
Summonings     | 1 |  1.0
Necromancy     | 1 |  1.0
Translocations | 1 |  1.0
Transmutations | 1 |  1.0
Fire Magic     | 1 |  1.0
Ice Magic      | 1 |  1.0
Air Magic      | 1 |  1.0
Earth Magic    | 1 |  1.0
Poison Magic   | 1 |  1.0
Invocations    | 1 |  1.3
Evocations     | 1 |  1.2
Fighting       | |  6.6
Short Blades   | |  4.6
Dodging        | |  4.6

Action                   |  1- 3 |  4- 6 || total
-------------------------+-------+-------++-------
Melee: Short sword       |     1 |    18 ||    19
       Punch             |       |     1 ||     1
 Stab: Sleeping          |     1 |       ||     1
Armor: Leather armour    |       |     4 ||     4
Dodge: Dodged            |       |     9 ||     9

Table legend: (Time is in decaauts)
 A = Elapsed time spent in this place.
 B = Non-inter-level travel time spent in this place.
 C = Inter-level travel time spent in this place.
 D = Time resting spent in this place.
 E = Time spent auto-exploring this place.
 F = Levels seen in this place.
 G = Mean time per level.
                   A        B        C        D        E       F      G
               +--------+--------+--------+--------+--------+-----+--------+
         Total |     37 |     37 |      0 |      0 |      2 |   1 |   37.0 |
       Dungeon |     37 |     37 |      0 |      0 |      2 |   1 |   37.0 |
               +--------+--------+--------+--------+--------+-----+--------+

Top non-repeatable levels by time:
     D:5: 37 daAuts
